 Dungeon Crawl Stone Soup version 0.32-a0-818-gb728d0252e (webtiles) character file.

Game seed: 9583191597407937103

1495008 GloriousHammer the Skullcrusher (level 27, 321/321 HPs)
             Began as an Oni Warper on Mar 22, 2024.
             Was a High Priest of Okawaru.
             Escaped with the Orb
             ... and 3 runes on Mar 24, 2024!
             The game lasted 04:05:56 (95744 turns).

GloriousHammer the Skullcrusher (Oni Warper)       Turns: 95744, Time: 04:05:56

Health: 321/321    AC: 40    Str: 29    XL:     27
Magic:  44/44      EV: 10    Int: 18    God:    Okawaru [*****.]
Gold:   8691       SH:  0    Dex: 12    Spells: 12/60 levels left

rFire   + . .        a - +8 giant spiked club (heavy)
rCold   + + .        (shield currently unavailable)
rNeg    + . .        S - +9 gold dragon scales
rPois   +            l - +2 hat of Nitar {rElec Will+}
rElec   +            y - +1 cloak {Will+}
rCorr   .            (gloves unavailable)
SInv    +            (boots unavailable)
Will    ++++.        t - amulet of magic regeneration Stlth
                     G - ring "Zympopec" {rN+ EV+5 Dex+4}
HPRegen 0.73/turn    v - ring of see invisible
MPRegen 0.69/turn

%: no passive effects
@: no status effects
A: large, unfitting armour, horns 1, tough skin 1, double potion healing,
drunken brawling, cold resistance 1, poison resistance, MP-powered wands,
persistent drain
0: Orb of Zot
}: 3/15 runes: barnacled, slimy, gossamer
a: Renounce Religion, Heroism, Finesse, Duel


You escaped.
You worshipped Okawaru.
Okawaru was extremely pleased with you.
You visited 12 branches of the dungeon, and saw 55 of its levels.
You also visited: Trove, Bailey, Gauntlet, Ice Cave, Volcano and Desolation.

You collected 11477 gold pieces.
You spent 2786 gold pieces at shops.

Inventory:

Hand Weapons
 a - a +8 heavy giant spiked club (weapon)
 b - the +5 giant spiked club "Xoitsou" {vamp, Fly}
   (Okawaru gifted it to you on level 10 of the Dungeon)

   Fly:       It grants you flight.
 I - the +7 great mace "Firestarter" {flame, immolate, rFlCloud rF++}
   (You took it off a deep elf death mage on level 3 of the Elven Halls)

   rFlCloud:  It grants immunity to clouds of flame.
   rF++:      It greatly protects you from fire.
Missiles
 k - 133 large rocks
 m - 54 javelins
 s - 3 darts of dispersal
 J - 22 silver javelins
 L - 9 throwing nets
 P - 13 curare-tipped darts
Armour
 l - the +2 hat of Nitar (worn) {rElec Will+}
   (You found it in a treasure trove)

   rElec:     It insulates you from electricity.
   Will+:     It increases your willpower.
 y - a +1 cloak of willpower (worn)
 S - +9 gold dragon scales (worn)
Jewellery
 f - the ring "Zeleut" {rF++ rC+ Str+4}
   (You found it on level 5 of the Pits of Slime)

   [ring of protection from cold]

   Str+4:     It affects your strength (+4).
   rF++:      It greatly protects you from fire.
   rC+:       It protects you from cold.
 t - an amulet of magic regeneration (around neck)
 v - a ring of see invisible (right hand)
 w - a ring of willpower
 C - a ring of protection from cold
 G - the ring "Zympopec" (left hand) {rN+ EV+5 Dex+4}
   (You found it on level 3 of the Shoals)

   [ring of evasion]

   EV+5:      It affects your evasion (+5).
   Dex+4:     It affects your dexterity (+4).
   rN+:       It protects you from negative energy.
 T - a +4 ring of protection
 W - the ring of Divine Compulsion {rCorr Int+3}
   (You found it in the Desolation of Salt)

   [ring of resist corrosion]

   Int+3:     It affects your intelligence (+3).
   rCorr:     It protects you from acid and corrosion.
Wands
 h - a wand of quicksilver (17)
 o - a wand of roots (57)
 r - a wand of mindburst (67)
 V - a wand of digging (7)
 Y - a wand of flame (132)
Scrolls
 c - 2 scrolls of blinking
 e - 9 scrolls of revelation
 g - 5 scrolls of fog
 z - 3 scrolls of silence
 H - 17 scrolls of poison
 K - 4 scrolls of vulnerability
 M - a scroll of fear
 N - 19 scrolls of teleportation
 Q - 4 scrolls of immolation
Potions
 d - 4 potions of cancellation
 i - 7 potions of haste
 j - 6 potions of resistance
 n - a potion of heal wounds
 p - 14 potions of attraction
 q - 16 potions of curing
 u - 2 potions of ambrosia
 x - 7 potions of brilliance
 A - 7 potions of lignification
 B - a potion of magic
 D - 7 potions of might
 O - 5 potions of berserk rage
 U - 8 potions of enlightenment
 X - 5 potions of invisibility
 Z - 11 potions of mutation
Miscellaneous
 E - a phial of floods
 R - a condenser vane


   Skills:
 - Level 26.9 Fighting
 O Level 27 Maces & Flails
 - Level 12.3 Throwing
 + Level 24.9 Armour
 - Level 2.1 Dodging
 - Level 17.0 Spellcasting
 - Level 4.0 Conjurations
 - Level 6.0 Necromancy
 - Level 15.5 Translocations
 - Level 6.0 Air Magic
 - Level 5.0 Earth Magic
 - Level 8.0 Invocations
 - Level 7.0 Evocations


You had 12 spell levels left.
You knew the following spells:

 Your Spells              Type           Power      Damage    Failure   Level
a - Manifold Assault      Tloc           63%        N/A       1%          4
b - Fugue of the Fallen   Necr           36%        N/A       7%          3
c - Blink                 Tloc           100%       N/A       1%          2
d - Vhi's Electric Charg  Tloc/Air       100%       N/A       3%          4
e - Apportation           Tloc           100%       N/A       1%          1
f - Iskenderun's Mystic   Conj/Tloc      50%        2d11      4%          4
g - Swiftness             Air            36%        N/A       7%          3
h - Dimensional Bullseye  Hex/Tloc       21%        N/A       11%         4
i - Passage of Golubria   Tloc           63%        N/A       1%          4
j - Teleport Other        Tloc           63%        N/A       1%          3
k - Dispersal             Tloc           31%        N/A       7%          6
l - Passwall              Erth           33%        N/A       10%         3
m - Lesser Beckoning      Tloc           100%       N/A       1%          2
n - Sublimation of Blood  Necr           36%        N/A       3%          2
o - Ozocubu's Armour      Ice            15%        N/A       61%         3

Your spell library contained the following spells:

 Spells                   Type           Power      Damage    Failure   Level
 Momentum Strike          Conj/Tloc      100%       3d10      1%          2
 Gell's Gravitas          Tloc           63%        N/A       1%          3
 Necrotise                Necr           100%       1d9       2%          1
 Sandblast                Erth           66%        2d15      3%          1
 Magic Dart               Conj           100%       1d8       4%          1
 Vampiric Draining        Necr           36%        2d8       7%          3
 Cigotuvi's Dreadful Rot  Necr/Alch/Air  58%        N/A       8%          2
 Searing Ray              Conj           58%        2d6       8%          2
 Foxfire                  Conj/Fire      88%        2x1d8     12%         1
 Sting                    Conj/Alch      88%        1d8       12%         1
 Mercury Vapours          Alch/Air       52%        N/A       12%         2
 Stone Arrow              Conj/Erth      62%        3d10      12%         3
 Mephitic Cloud           Conj/Alch/Air  27%        N/A       21%         3
 Airstrike                Air            18%        2d(3-19)  22%         4
 Dispel Undead            Necr           36%        3d15      22%         4
 Freeze                   Ice            60%        1d7       26%         1
 Hailstorm                Conj/Ice       22%        3d7       34%         3
 Ensorcelled Hibernation  Hex/Ice        30%        N/A       36%         2
 Jinxbite                 Hex            30%        N/A       36%         2
 Brom's Barrelling Bould  Conj/Erth      31%        2d5       38%         4
 Curse of Agony           Necr           36%        N/A       52%         5
 Anguish                  Hex/Necr       13%        N/A       58%         4
 Borgnjor's Vile Clutch   Necr/Erth      17%        N/A       58%         5
 Frozen Ramparts          Ice            30%        1d5       61%         3
 Inner Flame              Hex/Fire       15%        N/A       61%         3
 Sigil of Binding         Hex            15%        N/A       61%         3
 Leda's Liquefaction      Alch/Erth      12%        N/A       67%         4
 Petrify                  Alch/Erth      24%        N/A       67%         4
 Arcjolt                  Conj/Air       16%        1d26      67%         5
 Lee's Rapid Deconstruct  Erth           16%        3d10*     67%         5
 Flame Wave               Conj/Fire      22%        2d8       75%         4
 Fulminant Prism          Conj/Alch      11%        3d9       75%         4
 Freezing Cloud           Conj/Ice/Air   13%        6-21      88%         5
 Silence                  Hex/Air        13%        N/A       91%         5
 Cause Fear               Hex            7%         N/A       95%         4
 Ignite Poison            Fire/Alch      15%        N/A       95%         4
 Sticky Flame             Fire/Alch      15%        2d5       95%         4
 Disjunction              Tloc           31%        N/A       96%         8
 Fireball                 Conj/Fire      11%        3d7       97%         5
 Irradiate                Conj/Alch      11%        3d15      97%         5
 Conjure Ball Lightning   Conj/Air       16%        3x3d6     99%         6
 Alistair's Intoxication  Alch           10%        N/A       100%        5
 Yara's Violent Unravell  Hex/Alch       7%         3d5       100%        5
 Eringya's Noxious Bog    Alch           7%         4d6       100%        6
 Permafrost Eruption      Ice/Erth       12%        2x4d5     100%        6
 Plasma Beam              Fire/Air       13%        2x1d24    100%        6
 Starburst                Conj/Fire      11%        6d5       100%        6
 Enfeeble                 Hex            7%         N/A       100%        7
 Ozocubu's Refrigeration  Ice            7%         4d9       100%        7
 Borgnjor's Revivificati  Necr           18%        N/A       100%        8
 Ignition                 Fire           7%         3d5       100%        8
 Lehudib's Crystal Spear  Conj/Erth      15%        10d5      100%        8
 Maxwell's Capacitive Co  Air            18%        ∞         100%        8
 Chain Lightning          Conj/Air       16%        3d22      100%        9
 Fire Storm               Conj/Fire      11%        8d3       100%        9
 Polar Vortex             Ice            7%         12d1*     100%        9
 Shatter                  Erth           16%        3d16*     100%        9
 Martyr's Knell           Necr/Summ      Unusable   N/A       N/A         4
 Summon Lightning Spire   Summ/Air       Unusable   N/A       N/A         4
 Call Canine Familiar     Summ           Unusable   N/A       N/A         3
 Tukima's Dance           Hex            Unusable   N/A       N/A         3
 Animate Armour           Summ/Erth      Unusable   N/A       N/A         4
 Sculpt Simulacrum        Ice/Alch       Unusable   N/A       N/A         6
 Infestation              Necr           Unusable   N/A       N/A         8

Dungeon Overview and Level Annotations

Branches:
Dungeon (15/15)            Temple (1/1) D:5            Lair (5/5) D:9
 Shoals (4/4) Lair:3       Spider (4/4) Lair:3        Slime (5/5) Lair:5
    Orc (2/2) D:10            Elf (3/3) Orc:2        Vaults (4/5) D:13
  Crypt (3/3) Vaults:3       Tomb (0/3) Crypt:3      Depths (4/4) D:15
    Zot (5/5) Depths:4     Bailey (visited)           IceCv (visited)
Volcano (visited)         Desolation (visited)      Gauntlet (visited)

Altars:
Ashenzari
Cheibriados
Dithmenos
Elyvilon
Fedhas
Gozag
Hepliaklqana
Kikubaaqudgha
Makhleb
Nemelex Xobeh
Okawaru
Qazlal
Ru
Sif Muna
Trog
Uskayaw
Vehumet
Wu Jian
Xom
Yredelemnul
Zin
The Shining One
Jiyva

Shops:
D:1 (   D:2 [   D:6 =*   Orc:2 =*[(   Elf:3 =!:*   Depths:3 *

Portals:
Hell: Depths:1 Depths:2 Depths:3 Depths:4
Abyss: Depths:3
Pandemonium: Depths:2 Depths:3
Ziggurat: Depths:4

Annotations:
Zot:1 exclusion: downstairs
Zot:4 exclusion: downstairs


Innate Abilities, Weirdness & Mutations

You are too large for most types of armour.
You have a pair of small horns on your head.
You have tough skin. (AC +1)
You gain doubled healing and magic from potions.
Whenever you drink a healing potion, you attack all around you.
Your flesh is cold resistant. (rC+)
Your system is resistant to poisons. (rPois)
You expend magic power (3 MP) to strengthen your wands.
Your health recovers twice as slowly from being drained.


Message History

The Orb Guardian is moderately wounded.
The Orb Guardian hits you but does no damage.
You spit the Orb Guardian like a pig!!!!
You kill the Orb Guardian!
Okawaru accepts your kill.
There is a staircase to the Ecumenical Temple here.
A demonspawn blood saint and a balrug come into view.
Space momentarily warps into an impossible shape!
You closely miss the demonspawn blood saint.
You closely miss the balrug.
Space momentarily warps into an impossible shape!
You hit the demonspawn blood saint. You closely miss the balrug.
Space momentarily warps into an impossible shape!
You sock the demonspawn blood saint! You barely miss the balrug.
The demonspawn blood saint hits you but does no damage.
Space momentarily warps into an impossible shape!
You hit the demonspawn blood saint. You impale the balrug!!
The demonspawn blood saint hits you but does no damage.
Space momentarily warps into an impossible shape!
You barely miss the demonspawn blood saint.
You skewer the balrug like a kebab!!!!
You kill the balrug!
Okawaru accepts your kill.
The demonspawn blood saint hits you with a +0 dagger!
You are engulfed in flames!
You resist.
You perforate the demonspawn blood saint like a sieve!!!!
You headbutt the demonspawn blood saint.
You kill the demonspawn blood saint!
Okawaru accepts your kill.
Things that are here:
a +0 shortbow; a quokka skeleton Magic restored.
There is a stone staircase leading up here.
HP restored.
You climb upwards.
There is a stone staircase leading down here.
There is a stone staircase leading up here.
You climb upwards.
There is a stone staircase leading down here.
There is a stone staircase leading up here.
You climb upwards.
A demonspawn blood saint comes into view.
It is wielding a +0 dagger and wearing a +2 robe of positive energy.
There is a stone staircase leading down here.
Unknown command.
A demonspawn black sun and a lorocyproca come into view.
The lorocyproca gives a chilling moan.
The demonspawn blood saint shouts!
Unknown command.
Space momentarily warps into an impossible shape!
You hammer the lorocyproca like a gong!!!
You closely miss the demonspawn blood saint.
You spit the demonspawn black sun like a pig!!!
The demonspawn blood saint conjures a destructive force in the name of Makhleb!
The fireball explodes!
The fireball engulfs you! You resist.
The mass of ice explodes!
The iceblast engulfs you but does no damage.
Space momentarily warps into an impossible shape!
You hammer the demonspawn blood saint like a gong!!!
You spit the demonspawn black sun like a pig!!!!
You kill the demonspawn black sun!
Okawaru accepts your kill.
You bludgeon the lorocyproca!!
You kill the lorocyproca!
Okawaru accepts your kill.
Space momentarily warps into an impossible shape!
You beat the demonspawn blood saint like a drum!!!
You kill the demonspawn blood saint!
Okawaru accepts your kill.
A sun demon comes into view.
Casting: Manifold Assault (safe; 1% risk of failure)
Confirm with . or Enter, or press ? or * to list all spells.
Aiming: Vhi's Electric Charge (mildly dangerous; 3% risk of failure)
Press: ? - help, Shift-Dir - straight line, f - sun demon
Aim: a sun demon (83% to hit)
You charge forward with an electric crackle!
You barely miss the sun demon.
You headbutt the sun demon, but do no damage.
The sun demon hits you but does no damage.
You barely miss the sun demon. Your headbutt misses the sun demon.
The sun demon hits you but does no damage.
You closely miss the sun demon.
The sun demon hits you but does no damage.
You bludgeon the sun demon!!
You headbutt the sun demon, but do no damage.
The sun demon is severely wounded.
The sun demon hits you but does no damage.
The sun demon closely misses you.
You thump the sun demon! You headbutt the sun demon.
You kill the sun demon!
Okawaru accepts your kill.
HP restored.
There is an open door here.
Magic restored.
There is a stone staircase leading up here.
You climb upwards.
There is a stone staircase leading down here.
You see here a hobgoblin skeleton.
The polar bear growls angrily.
You see here a hobgoblin skeleton.
There is a staircase leading out of the dungeon here.
You have escaped!

......##.#####.#.........#
......##.# #.#........ß#
......##.# #.#.#..###..##
########.# #.#.#..#t#...#
#####.#####.#÷#..#h#..ß###
#...#....##÷#.#..#B#.....#
####.#.####.##.#.#..#k#..ß#.#
.....#.# #.##.#.#..#w#...#.#
######.# #.##.#@#..###..##.#
#### #.####.##.###......ß##.#
...# #......##.# #.......##.#
...# #########.# ##.ß.ß.###.#
...# #........# #.....# #.#
...####.#####..# ####### #.#
........# #..# ##.#
........#####..## ###..#
........##......########...##


There were no monsters in sight!

Vanquished Creatures
  the Royal Jelly (Slime:5)
  5 dread liches
  Khufu (Crypt:3)
  5 orbs of fire
  7 ancient liches (Zot:5)
  5 juggernauts
  Sojobo (Arena)
  2 royal mummies (Crypt:3)
  Vv (Zot:2)
  3 Killer Klowns (Zot:5)
  Saint Roka (D:15)
  A curse toe (Zot:5)
  Nikola (Shoals:3)
  The ghost of Ciogeq the Sorcerer, an adept DECj of Vehumet (Vaults:4)
  2 bone dragons
  6 golden dragons
  A Tzitzimitl (Depths:1)
  2 electric golems (Zot:5)
  The ghost of hikkokomori the Scorcher, an adept MDFi of Ashenzari (Shoals:3)
  20 tentacled monstrosities
  2 hellephants (Depths:3)
  The ghost of Virywn the Archmage, an adept DEHW of Vehumet (Depths:1)
  An Ice Fiend (D:13)
  5 liches
  A Hell Sentinel (D:9)
  A shard shrike skeleton (Crypt:3)
  Asterion (Depths:2)
  27 Orb Guardians
  A walking divine tome (Depths:3)
  The ghost of Puowidir the Stormcaller, an adept DEAE of Vehumet (Elf:1)
  6 quicksilver dragons
  4 deep elf blademasters (Elf:3)
  16 acid blobs
  9 death cobs
  3 sphinxes
  11 ancient champions
  Frances (Arena)
  A deep elf master archer (Elf:3)
  11 shadow dragons
  2 krakens
  Gastronok (D:12)
  A daeva (D:15)
  5 tengu reavers
  14 azure jellies
  9 storm dragons
  2 revenants
  4 fire giants
  15 rockslimes
  7 protean progenitors
  5 frost giants
  6 draconian knights
  3 draconian monks
  4 emperor scorpions
  7 draconian shifters
  3 draconian scorchers
  3 reapers
  10 vault wardens
  4 deep elf sorcerers
  5 deep elf elementalists (Elf:3)
  6 ghost moths
  An angel (Vaults:3)
  2 demonspawn blood saints
  13 ironbound preservers
  2 balrugs
  5 ghouls
  3 imperial myrmidons (Desolation)
  6 draconian annihilators
  3 draconian stormcallers
  7 formless jellyfish
  2 orc warlords
  25 very ugly things
  17 stone giants
  5 caustic shrike skeletons (Crypt:3)
  8 ironbound thunderhulks
  9 quicksilver oozes
  2 lorocyprocas
  13 green draconians
  10 black draconians
  5 deep elf demonologists
  A demonspawn black sun (D:2)
  10 deep elf death magi
  5 deep elf annihilators
  9 vampire knights
  2 bunyips (Zot:1)
  5 dire elephants
  A minotaur (Gauntlet)
  4 war gargoyles
  16 purple draconians
  A halazid warlock (Desolation)
  13 red draconians
  16 white draconians
  19 yellow draconians
  6 spark wasps
  6 merfolk javelineers
  5 crystal guardians
  8 merfolk impalers
  Snorg (D:10)
  6 eidola
  4 ettins
  11 fire dragons
  7 deep elf high priests (Elf:3)
  Josephine (Orc:1)
  8 ragged hierophants (Desolation)
  6 entropy weavers
  5 jiangshi
  4 yaktaur captains
  11 great orbs of eyes
  11 ice dragons
  A hell beast (Depths:1)
  3 rakshasas
  Fannar (D:12)
  3 quicksilver dragon skeletons (Crypt:3)
  4 servants of whispers
  15 peacekeepers
  8 spriggan air magi
  7 vault guards
  5 radroaches
  6 ironbound frosthearts
  4 hydras
  A jorogumo (Spider:3)
  A catoblepas (Lair:5)
  5 merfolk avatars
  3 merfolk aquamancers
  An alligator snapping turtle (Shoals:3)
  31 dancing weapons
  20 centaur warriors
  8 boulder beetles
  4 two-headed ogres
  3 satyrs
  3 death yaks (Lair:2)
  11 hell hogs
  6 tengu warriors
  A sphinx skeleton (Vaults:1)
  7 deep troll shamans
  7 vampire magi
  6 deep troll earth magi
  8 demonic crawlers
  2 spriggan berserkers
  3 spriggans (Depths:3)
  6 hell knights (Depths:4)
  7 occultists
  4 orc high priests
  12 deep elf knights
  3 soul eaters
  Sonja (Lair:2)
  3 sun demons
  31 skeletal warriors
  5 iron trolls
  A sixfirhy (Depths:1)
  4 titan skeletons (Crypt:3)
  A shadow wraith (Crypt:2)
  5 pharaoh ants
  9 skysharks
  A goliath frog (Zot:1)
  17 sea snakes
  8 orb spiders
  33 deep trolls
  2 flayed ghosts
  2 sun moths (Spider:4)
  4 arcanists
  8 glowing orange brains
  A glowing orange brain (shapeshifter) (Depths:3)
  Pikel (D:8)
  13 lindwurms
  11 steelbarb worms
  2 tengu zombies
  2 golden dragon skeletons (Depths:2)
  2 bog bodies
  12 deep elf archers
  An iron giant skeleton (Crypt:1)
  10 phantasmal warriors
  An orange crystal statue (IceCv)
  13 necromancers
  16 deep elf pyromancers
  A lindwurm (shapeshifter) (Depths:2)
  4 large abominations
  An obsidian bat (Orc:2)
  37 harpies
  A thermic dynamo (Elf:3)
  5 wolf spider zombies (Spider:2)
  8 orc knights
  23 deep elf zephyrmancers
  16 wolf spiders
  10 orc sorcerers
  11 ironbound convokers
  3 anaconda skeletons
  29 ugly things
  An oklob plant (Lair:3)
  2 frost giant zombies
  A tengu skeleton (Crypt:3)
  8 cyclopes
  An alligator skeleton (Volcano)
  18 manticores
  2 human zombies
  A stone giant zombie (Crypt:2)
  2 salamanders (Depths:1)
  4 shining eyes
  5 fauns
  25 moths of wrath
  11 vault sentinels
  10 meliai
  2 stone giant skeletons (Crypt:3)
  An iron dragon skeleton (Crypt:2)
  7 black mambas
  3 elephants (Lair:4)
  A frost giant skeleton (Crypt:2)
  3 guardian serpents (Desolation)
  An elephant (shapeshifter) (Vaults:3)
  2 smoke demons
  7 torpor snails
  4 merfolk sirens
  3 eyes of devastation
  6 water nymphs
  A mana viper zombie (Crypt:2)
  A yaktaur zombie (Vaults:4)
  2 unseen horrors (D:11)
  4 gargoyles
  Maggie (D:8)
  2 centaur skeletons (Crypt:3)
  7 cane toads
  3 freezing wraiths
  22 yaktaurs
  A kobold demonologist (D:14)
  A hellion (Depths:4)
  A naga skeleton (Crypt:2)
  2 rime drakes
  2 efreet
  An ice devil (D:11)
  A mana viper skeleton (Crypt:1)
  6 komodo dragons
  2 human skeletons (Vaults:3)
  12 tengu conjurers
  7 redback zombies (Spider:2)
  A sea snake zombie (Crypt:1)
  An iron troll zombie (Crypt:3)
  A golden dragon simulacrum (IceCv)
  2 harpy zombies
  12 polar bears
  A red devil (Depths:1)
  A queen bee (D:9)
  33 merfolk
  9 trolls
  A hellwing (Depths:1)
  47 saltlings (Desolation)
  31 tarantellas
  3 hornets (Depths:3)
  6 culicivora zombies (Spider:2)
  7 wind drakes
  An alligator simulacrum (IceCv)
  Grinder (D:5)
  4 glass eyes
  2 human simulacra
  4 raiju (Lair:5)
  10 snapping turtles
  13 blink frogs
  A fire dragon zombie (Crypt:2)
  4 harpy skeletons
  14 dream sheep (Lair:3)
  A stone giant simulacrum (Crypt:2)
  77 slime creatures
  Sigmund (D:6)
  2 air elementals
  A black mamba zombie (Crypt:2)
  28 jumping spiders
  2 shadows
  8 tarantella zombies (Spider:2)
  A dire elephant simulacrum (Crypt:2)
  A vampire (D:11)
  15 culicivoras
  7 wyverns
  4 small abominations (Gauntlet)
  12 wargs
  8 wraiths
  8 water elementals
  A yak (shapeshifter) (D:15)
  45 yaks
  A naga simulacrum (Crypt:3)
  2 neqoxecs (Depths:1)
  2 hogs (D:12)
  2 ettin skeletons
  2 fire elementals
  3 basilisks
  A steam dragon (shapeshifter) (D:14)
  16 golden eyes
  A human (D:12)
  2 steam dragons (D:10)
  55 redbacks
  A harpy simulacrum (IceCv)
  A chaos spawn (Depths:1)
  A water nymph zombie (Crypt:3)
  6 acid dragons
  2 hydra simulacra (IceCv)
  10 hell hounds (Lair:5)
  A two-headed ogre skeleton (Crypt:1)
  14 water moccasins
  2 glowing shapeshifter skeletons
  A faun skeleton (Crypt:1)
  An ice beast (D:6)
  A lindwurm zombie (Crypt:1)
  39 orc warriors
  14 black bears
  A sky beast (D:5)
  13 laughing skulls
  5 ogres
  The ghost of smashvw the Shooter, an amateur MiHu (D:3)
  A boggart (Vaults:2)
  A snapping turtle skeleton (Crypt:3)
  6 centaurs
  38 wolves
  3 lemures (D:8)
  A phantom (D:7)
  A weeping skull (Volcano)
  4 kobold brigands
  2 earth elementals
  4 scorpions
  A yaktaur skeleton (Crypt:3)
  15 bullfrogs
  10 gnoll sergeants
  2 wyvern zombies
  A glowing shapeshifter simulacrum (Vaults:4)
  13 wights
  A yak zombie (Crypt:1)
  3 lindwurm simulacra (IceCv)
  29 killer bees
  5 spriggan skeletons
  2 troll skeletons (Volcano)
  An electric eel (D:6)
  11 howler monkeys
  3 bombardier beetles
  A lava snake (D:10)
  3 quasits (D:3)
  29 orc priests
  4 hounds
  3 jellies (D:4)
  Crazy Yiuf (D:3)
  7 gnoll boudas
  7 iguanas
  A sleepcap (D:5)
  A basilisk skeleton (Crypt:1)
  Ijyb (D:5)
  33 orc wizards
  A boggart skeleton (Crypt:1)
  A mummy (Crypt:3)
  30 gnolls
  7 adders
  2 shadow imps
  A white imp (D:5)
  3 lava snake skeletons (Crypt:2)
  A dart slug (D:2)
  2 ribbon worms
  84 orcs
  5 bats
  11 endoplasms
  5 giant cockroaches
  3 goblins
  10 hobgoblins
  7 jackals
  22 kobolds
  6 quokkas
  3 ball pythons
  8 frilled lizards
  A gnoll zombie (Crypt:3)
  A jackal zombie (Crypt:2)
  A kobold skeleton (Crypt:2)
  6 rats
  6 aspiring fleshes
  3 tentacles
2537 creatures vanquished.

Vanquished Creatures (others)
  Kirke (D:12)
  A deep elf zephyrmancer (Elf:1)
  A merfolk (Shoals:4)
  A yak (D:10)
  3 centaurs (D:8)
  A howler monkey (D:8)
  An orc priest (D:8)
  11 tentacles
20 creatures vanquished.

Grand Total: 2557 creatures vanquished

Notes
Turn   | Place    | Note
-------+----------+-------------------------------------------
     0 | D:1      | GloriousHammer the Oni Warper began the quest for the Orb.
     0 | D:1      | Reached XP level 1. HP: 22/22 MP: 3/3
    15 | D:1      | Noticed a snapping turtle
    15 | D:1      | Noticed a polar bear
    15 | D:1      | Noticed a brain worm
    16 | D:1      | Noticed a boulder beetle
    16 | D:1      | Noticed a swamp drake
    63 | D:1      | Found a faded altar of an unknown god.
   179 | D:1      | Reached XP level 2. HP: 21/31 MP: 5/5
   377 | D:1      | Found Hukhlisao's Antique Weapon Emporium.
   763 | D:1      | Reached XP level 3. HP: 37/37 MP: 7/7
   983 | D:2      | Reached XP level 4. HP: 46/48 MP: 8/8
   984 | D:2      | Reached skill level 3 in Maces & Flails
  1070 | D:2      | Learned a level 2 spell: Blink
  1073 | D:2      | Learned a level 2 spell: Lesser Beckoning
  1234 | D:2      | Found Obbuacee's Armour Emporium.
  1516 | D:2      | Reached XP level 5. HP: 55/55 MP: 9/9
  1904 | D:3      | Learned a level 4 spell: Manifold Assault
  1915 | D:3      | Noticed an ogre
  1927 | D:3      | Killed an ogre
  1928 | D:3      | Reached skill level 5 in Fighting
  2099 | D:3      | Reached XP level 6. HP: 64/66 MP: 11/11
  2105 | D:3      | Found a transporter.
  2142 | D:3      | Found a transporter.
  2146 | D:3      | Noticed smashvw's ghost (amateur MiHu)
  2375 | D:3      | Found a runed translucent door.
  2376 | D:3      | Noticed Crazy Yiuf
  2687 | D:3      | Reached skill level 4 in Maces & Flails
  2970 | D:3      | Killed Crazy Yiuf
  3273 | D:3      | Learned a level 4 spell: Vhi's Electric Charge
  3790 | D:4      | Reached XP level 7. HP: 53/75 MP: 12/12
  4458 | D:4      | Reached skill level 5 in Maces & Flails
  4700 | D:5      | Entered Level 5 of the Dungeon
  5138 | D:5      | Reached skill level 6 in Maces & Flails
  5138 | D:5      | Reached XP level 8. HP: 57/88 MP: 13/13
  5426 | D:5      | Noticed Grinder
  5426 | D:5      | Paralysed by Grinder for 2 turns
  5426 | D:5      | Noticed Ijyb
  5432 | D:5      | Paralysed by Grinder for 2 turns
  5438 | D:5      | Killed Grinder
  5438 | D:5      | Killed Ijyb
  5571 | D:5      | Found a staircase to the Ecumenical Temple.
  5629 | Temple   | Entered the Ecumenical Temple
  5640 | Temple   | Became a worshipper of Warmaster Okawaru
  6337 | D:1      | Bought a runed demon whip for 414 gold pieces
  6468 | D:6      | Found Zin's Purification Station.
  6471 | D:6      | Found a glowing silver altar of Zin.
  6495 | D:6      | Reached skill level 7 in Maces & Flails
  6695 | D:6      | Got Witchery, Part One
  7079 | D:6      | Reached * piety under Okawaru
  7087 | D:6      | Reached XP level 9. HP: 71/100 MP: 14/14
  7174 | D:6      | Found a transporter.
  7174 | D:6      | Found Nupt's Jewellery Boutique.
  7198 | D:6      | Found a transporter.
  7358 | D:6      | Noticed Sigmund
  7363 | D:6      | Killed Sigmund
  7416 | D:6      | Reached skill level 10 in Fighting
  7827 | D:7      | Found a shadowy altar of Dithmenos.
  8394 | D:7      | Reached skill level 8 in Maces & Flails
  8642 | D:7      | Found a shimmering blue altar of Sif Muna.
  8675 | D:7      | Reached ** piety under Okawaru
  8749 | D:7      | Reached skill level 5 in Throwing
  9206 | D:8      | Reached skill level 1 in Armour
  9208 | D:8      | Reached XP level 10. HP: 69/114 MP: 12/15
  9396 | D:8      | Noticed Pikel
  9422 | D:8      | Killed Pikel
  9422 | D:8      | Reached *** piety under Okawaru
  9423 | D:8      | Reached skill level 9 in Maces & Flails
  9976 | D:8      | Found a shimmering altar of Xom.
  9987 | D:8      | Reached **** piety under Okawaru
 10148 | D:8      | Noticed Maggie
 10165 | D:8      | Killed Maggie
 10165 | D:8      | Reached ***** piety under Okawaru
 10166 | D:8      | Reached skill level 10 in Maces & Flails
 10446 | D:8      | Found an opulent altar of Gozag.
 11218 | D:8      | Found a burning altar of Makhleb.
 11365 | D:9      | Found a broken altar of Ashenzari.
 11464 | D:9      | Reached skill level 1 in Air Magic
 11497 | D:9      | Reached XP level 11. HP: 78/127 MP: 16/16
 11851 | D:9      | Found a staircase to the Lair.
 11866 | D:9      | Received a gift from Okawaru
 12862 | D:9      | Reached skill level 5 in Translocations
 13799 | D:10     | Entered Level 10 of the Dungeon
 13822 | D:10     | Received a gift from Okawaru
 13906 | D:10     | Found a flagged portal.
 13967 | Bailey   | Entered a bailey
 13980 | Bailey   | Reached skill level 11 in Maces & Flails
 14487 | Bailey   | Reached skill level 1 in Invocations
 15145 | D:10     | Found a hide-covered altar of Uskayaw.
 15145 | D:10     | Noticed Snorg
 15160 | D:10     | Killed Snorg
 15265 | D:10     | Identified 3 scrolls of acquirement
 15266 | D:10     | Acquired a manual of Fighting
 15268 | D:10     | Acquired 825 gold pieces
 15269 | D:10     | Acquired 873 gold pieces
 15308 | D:10     | Noticed a two-headed ogre
 15319 | D:10     | Killed a two-headed ogre
 15319 | D:10     | Reached ****** piety under Okawaru
 15319 | D:10     | Received a gift from Okawaru
 15422 | D:10     | Acquired the +5 giant spiked club "Xoitsou" {vamp, Fly}
 15422 | D:10     | Received a gift from Okawaru
 15424 | D:10     | Acquired the +8 storm dragon scales of Saozuk {Rampage
                  | rElec rPois rC+ Int+2}
 15424 | D:10     | Received a gift from Okawaru
 15865 | D:9      | Reached XP level 12. HP: 124/140 MP: 17/17
 16142 | D:10     | Reached skill level 15 in Fighting
 16304 | D:10     | Found a staircase to the Orcish Mines.
 16365 | D:10     | Found a hazy altar of Hepliaklqana.
 16928 | D:11     | Received a gift from Okawaru
 17013 | D:11     | Noticed a boulder beetle
 17020 | D:11     | Killed a boulder beetle
 17403 | D:11     | Noticed a rakshasa
 17429 | D:11     | Killed a rakshasa
 17430 | D:11     | Reached skill level 5 in Invocations
 17983 | Lair:1   | Entered Level 1 of the Lair of Beasts
 18105 | Lair:1   | Reached skill level 5 in Armour
 18141 | Lair:1   | Found a dark tunnel.
 18156 | Volcano  | Entered a volcano
 18334 | Volcano  | Received a gift from Okawaru
 18342 | Volcano  | Reached skill level 12 in Maces & Flails
 18814 | Volcano  | Reached XP level 13. HP: 92/154 MP: 18/18
 19109 | Lair:1   | Received a gift from Okawaru
 19951 | Lair:1   | Learned a level 1 spell: Apportation
 19977 | Lair:2   | Noticed Sonja
 19987 | Lair:2   | Killed Sonja
 20110 | Lair:2   | You are sucked into a shaft and drop 2 floors!
 20291 | Lair:3   | Found a hole to the Spider Nest.
 20434 | Lair:3   | Received a gift from Okawaru
 20643 | Lair:2   | Identified the maw talisman of the Constellations {rF+
                  | Str+3 Dex+4}
 20778 | Lair:2   | Found an iron altar of Okawaru.
 21048 | Lair:2   | Received a gift from Okawaru
 21934 | Lair:3   | Reached XP level 14. HP: 170/170 MP: 19/19
 22016 | Lair:3   | Received a gift from Okawaru
 22017 | Lair:3   | Reached skill level 13 in Maces & Flails
 22038 | Lair:3   | Found a staircase to the Shoals.
 23112 | Lair:5   | Entered Level 5 of the Lair of Beasts
 23359 | Lair:5   | Received a gift from Okawaru
 24015 | Lair:5   | Found a staircase to the Slime Pits.
 24307 | Lair:5   | Reached skill level 10 in Armour
 24326 | Lair:5   | Received a gift from Okawaru
 25129 | D:12     | Noticed Gastronok
 25130 | D:12     | Noticed Fannar
 25142 | D:12     | Killed Fannar
 25152 | D:12     | Killed Gastronok
 25423 | D:12     | Noticed Kirke
 25431 | D:12     | Received a gift from Okawaru
 25434 | D:12     | Killed Kirke
 25521 | D:12     | Found a glowing golden altar of the Shining One.
 25668 | D:12     | Reached XP level 15. HP: 152/183 MP: 20/20
 26407 | Orc:1    | Entered Level 1 of the Orcish Mines
 26902 | Orc:2    | Entered Level 2 of the Orcish Mines
 27219 | Orc:2    | Found a staircase to the Elven Halls.
 27482 | Orc:2    | Reached skill level 14 in Maces & Flails
 27485 | Orc:2    | Reached skill level 10 in Translocations
 27498 | Orc:2    | Noticed an orc warlord
 27502 | Orc:2    | Received a gift from Okawaru
 27991 | Orc:2    | Killed an orc warlord
 28234 | Orc:2    | Paralysed by an orc sorcerer for 4 turns
 28446 | Orc:2    | Found Xaumm's General Store.
 28447 | Orc:2    | Found Cushrokad's Jewellery Emporium.
 28449 | Orc:2    | Found Noyq's Antique Armour Emporium.
 28449 | Orc:2    | Found Jamued Ogey's Antique Weapon Shoppe.
 28464 | Orc:2    | Bought a scroll of revelation for 90 gold pieces
 28464 | Orc:2    | Bought a scroll of identify for 24 gold pieces
 28464 | Orc:2    | Bought a ring of see invisible for 180 gold pieces
 29200 | Orc:1    | Noticed an orc warlord
 29584 | Orc:1    | Noticed Josephine
 29596 | Orc:1    | Killed an orc warlord
 29596 | Orc:1    | Received a gift from Okawaru
 29611 | Orc:1    | Killed Josephine
 30486 | D:12     | Upgraded the game from 0.32-a0-814-g0968bab981 to
                  | 0.32-a0-818-gb728d0252e
 31030 | D:13     | Found a gate to the Vaults.
 31567 | D:14     | Found a runed translucent door.
 31715 | D:14     | Received a gift from Okawaru
 32048 | D:14     | Reached XP level 16. HP: 190/198 MP: 21/21
 32469 | D:14     | Identified the +2 mace of Valour {distort, MP+9 Str+3
                  | Stlth+}
 32470 | D:14     | Identified the +8 orcbow of Chance {drain, rCorr Int+4}
 32478 | D:15     | Entered Level 15 of the Dungeon
 32691 | D:15     | Found a gate leading to a gauntlet.
 32707 | Gauntlet | Entered a Gauntlet
 32707 | Gauntlet | Found a transporter.
 32707 | Gauntlet | Found a transporter.
 32707 | Gauntlet | Found a transporter.
 32711 | Gauntlet | Found a transporter.
 32721 | Gauntlet | Found a transporter.
 32790 | Gauntlet | Found a transporter.
 32806 | Gauntlet | Found a transporter.
 32815 | Gauntlet | Found a transporter.
 32825 | Gauntlet | Found a transporter.
 32840 | Gauntlet | Found a transporter.
 32846 | Gauntlet | Found a transporter.
 32871 | Gauntlet | Found a transporter.
 33213 | Gauntlet | Identified the +2 pair of gloves of Autumn {Fly Will- Int+2
                  | Dex+7}
 33565 | Gauntlet | Identified the +11 flail "Vanoogabi" {freeze, Int+2}
 33565 | Gauntlet | Identified the ring of Pegomnum {rF+ rC+ rN+ MP-9}
 33588 | Gauntlet | Identified the +1 leather armour of Qazlal's Envy {^Drain
                  | Int+5}
 33994 | D:15     | Found a staircase to the Depths.
 34457 | Shoals:1 | Entered Level 1 of the Shoals
 34462 | Shoals:1 | Received a gift from Okawaru
 34475 | Shoals:1 | Identified the +2 halberd "Murghihi" {pain, rCorr Int+3}
 35165 | Shoals:1 | Reached skill level 15 in Maces & Flails
 35190 | Shoals:1 | Received a gift from Okawaru
 36084 | Shoals:2 | Received a gift from Okawaru
 36319 | Shoals:2 | Reached skill level 1 in Evocations
 37089 | Shoals:3 | Noticed hikkokomori's ghost (adept MDFi)
 37089 | Shoals:3 | Found a transporter.
 37089 | Shoals:3 | Found a transporter.
 37100 | Shoals:3 | Reached XP level 17. HP: 131/210 MP: 4/23
 37477 | Shoals:3 | Identified the +0 chain mail of Esiun {rN+ Str+3 Int+4}
 37487 | Shoals:3 | Reached skill level 5 in Spellcasting
 37489 | Shoals:3 | Received a gift from Okawaru
 37881 | Shoals:3 | Noticed Nikola
 37899 | Shoals:3 | Killed Nikola
 38252 | Shoals:3 | Noticed a kraken
 38269 | Shoals:4 | Entered Level 4 of the Shoals
 38352 | Shoals:4 | Found a glacial archway.
 38434 | IceCv    | Entered an ice cave
 38446 | IceCv    | Found a transporter.
 38600 | IceCv    | Found a transporter.
 38723 | IceCv    | Received a gift from Okawaru
 39066 | Arena    | Entered the Arena
 39093 | Shoals:4 | Identified the ring "Gianej" {Wiz rC- Str-5 Int+2 Dex+7}
 39192 | Shoals:4 | Got a barnacled rune of Zot
 39315 | Shoals:4 | Identified the +10 quarterstaff of the Dead {freeze, Fly
                  | rPois Str-4 Stlth-}
 39738 | Shoals:4 | Noticed a kraken
 39760 | Shoals:4 | Killed a kraken
 39972 | Shoals:4 | Identified the +0 plate armour of Generosity {Rampage
                  | Stlth+}
 40037 | Shoals:4 | Received a gift from Okawaru
 40598 | Shoals:4 | Identified the +9 rapier of Shrieking Terror {freeze,
                  | Str+4}
 41098 | D:3      | Killed smashvw's ghost
 41418 | Spider:1 | Entered Level 1 of the Spider Nest
 41681 | Spider:1 | Reached XP level 18. HP: 201/222 MP: 5/28
 41695 | Spider:1 | Reached skill level 16 in Maces & Flails
 41839 | Spider:1 | Received a gift from Okawaru
 42066 | Spider:1 | Learned a level 4 spell: Iskenderun's Mystic Blast
 42743 | Spider:1 | Reached skill level 1 in Conjurations
 43476 | Spider:1 | Identified the blade talisman of a bailey {rC- Will+ rCorr
                  | Str+3}
 44365 | Spider:2 | Noticed Frances
 44373 | Arena    | Entered the Arena
 44380 | Arena    | Killed Frances
 44834 | Spider:2 | Received a gift from Okawaru
 45804 | Spider:3 | Reached skill level 5 in Evocations
 46167 | Spider:3 | Learned a level 3 spell: Swiftness
 46172 | Spider:3 | Learned a level 4 spell: Dimensional Bullseye
 46685 | Spider:4 | Entered Level 4 of the Spider Nest
 46929 | Arena    | Entered the Arena
 46963 | Spider:4 | Received a gift from Okawaru
 47317 | Spider:4 | Reached XP level 19. HP: 225/232 MP: 20/31
 48323 | Spider:4 | Got a gossamer rune of Zot
 48700 | Vaults:1 | Entered Level 1 of the Vaults
 49038 | Vaults:1 | Received a gift from Okawaru
 49579 | Vaults:1 | Paralysed by a formless jellyfish for 1 turns
 49618 | Vaults:1 | Reached skill level 10 in Throwing
 49730 | Vaults:1 | Received a gift from Okawaru
 49731 | Vaults:1 | Reached skill level 17 in Maces & Flails
 50432 | Vaults:2 | Found a crumbling gateway.
 50443 | Desolati | Entered the Desolation of Salt
 50628 | Desolati | Reached XP level 20. HP: 232/232 MP: 5/32
 50631 | Desolati | Received a gift from Okawaru
 50637 | Arena    | Entered the Arena
 51291 | Desolati | Received a gift from Okawaru
 51708 | Desolati | Got Sif Muna's Folio of Assaults and the Cumulonimbus
 51710 | Desolati | Identified the ring of Divine Compulsion {rCorr Int+3}
 51920 | Arena    | Entered the Arena
 51946 | Desolati | Reached skill level 15 in Armour
 52265 | Desolati | Got Ephi's Atlas of Frigorific Angles
 52269 | Desolati | Identified the +0 ring mail of Responsibility {rN+ Dex+4}
 52329 | Desolati | Received a gift from Okawaru
 52444 | Desolati | Identified the amulet of Judwiuvi {rElec rPois Regen+
                  | rCorr}
 52452 | Desolati | Identified the +2 kite shield of the Big Bang {Rampage
                  | +Blink Str+4 Slay-3}
 53266 | Vaults:2 | Received a gift from Okawaru
 54294 | Vaults:3 | Reached skill level 18 in Maces & Flails
 54311 | Vaults:3 | Learned a level 4 spell: Passage of Golubria
 54315 | Vaults:3 | Learned a level 3 spell: Teleport Other
 54438 | Vaults:3 | Received a gift from Okawaru
 54820 | Vaults:3 | Found a glowing golden altar of the Shining One.
 54845 | Vaults:3 | Reached XP level 21. HP: 257/257 MP: 4/33
 55177 | Vaults:3 | Received a gift from Okawaru
 55231 | Vaults:3 | Found a staircase to the Crypt.
 56380 | Vaults:4 | Found a runed translucent door.
 56382 | Vaults:4 | Noticed Ciogeq's ghost (adept DECj)
 56835 | Vaults:4 | Received a gift from Okawaru
 56847 | Vaults:4 | Found a portal to a secret trove of treasure.
 56925 | Vaults:4 | Got Naugyd's Tractate on Subzero Electricity
 57178 | Vaults:4 | Identified the +7 spear "Giant's Peril" {pain, rPois}
 57720 | Vaults:4 | Killed Ciogeq's ghost
 57941 | Vaults:4 | Identified the +0 pair of boots of the Candlemaker {rN++
                  | Regen+}
 58487 | Shoals:3 | Killed hikkokomori's ghost
 58539 | Shoals:3 | Identified the ring "Zympopec" {rN+ EV+5 Dex+4}
 58939 | Elf:1    | Entered Level 1 of the Elven Halls
 58960 | Elf:1    | Reached skill level 19 in Maces & Flails
 59230 | Elf:1    | You are sucked into a shaft and drop 1 floor!
 59512 | Elf:2    | Received a gift from Okawaru
 59604 | Elf:1    | Paralysed by an air elemental for 1 turns
 59778 | Elf:1    | Identified the scarf of the Hot Ocelot {+Inv, Will++}
 59804 | Elf:1    | Found a runed translucent gate.
 59804 | Elf:1    | Found a runed translucent gate.
 59804 | Elf:1    | Found a runed translucent gate.
 59809 | Elf:1    | Noticed Puowidir's ghost (adept DEAE)
 60395 | Elf:1    | Found a viscous altar of Jiyva.
 61024 | Elf:1    | Killed Puowidir's ghost
 61298 | Elf:2    | Reached XP level 22. HP: 273/273 MP: 29/34
 61481 | Elf:2    | Found a runed translucent gate.
 61482 | Elf:2    | Found a runed translucent gate.
 61482 | Elf:2    | Found a runed translucent gate.
 61525 | Elf:2    | Identified the +6 mace "Dizxerch" {venom, rC++}
 61827 | Elf:2    | Received a gift from Okawaru
 61879 | Elf:2    | Identified the blade talisman "Beimpat" {rPois rCorr}
 62356 | Elf:3    | Entered Level 3 of the Elven Halls
 62363 | Elf:3    | Reached XP level 23. HP: 283/283 MP: 35/35
 62397 | Elf:3    | Found Enefyh Oboan's Assorted Antiques.
 62397 | Elf:3    | Found Tojyesix's Jewellery Shop.
 62398 | Elf:3    | Found Gyqiory's Book Boutique.
 62402 | Elf:3    | Found Qyidea's Distillery.
 62405 | Elf:3    | Bought a scroll of acquirement for 1508 gold pieces
 62405 | Elf:3    | Acquired the Precepts of Locality
 62414 | Elf:3    | Learned a level 6 spell: Dispersal
 62865 | Elf:3    | Found an ancient bone altar of Kikubaaqudgha.
 62946 | Elf:3    | Received a gift from Okawaru
 63019 | Elf:3    | Reached skill level 20 in Maces & Flails
 63058 | Arena    | Entered the Arena
 63261 | Elf:3    | Identified the +4 scimitar of Truncation {freeze, rElec rF-
                  | rCorr Str+4}
 63447 | Elf:3    | Identified the amulet "Yrryliri" {rPois Regen+ Dex+3}
 63459 | Elf:3    | Identified the +4 falchion of Fee Simple {venom, rF+}
 63612 | Elf:3    | Found Enefyh Oboan's Assorted Antiques.
 63612 | Elf:3    | Found Tojyesix's Jewellery Shop.
 63614 | Elf:3    | Found Gyqiory's Book Boutique.
 63616 | Elf:3    | Found Qyidea's Distillery.
 63771 | Elf:3    | Found an ancient bone altar of Kikubaaqudgha.
 63800 | Elf:3    | Identified the +7 scimitar of Balance {speed, Int+5}
 64656 | Elf:3    | Got Jolof's Elucidation of Scintillating Geomancy
 64675 | Elf:3    | Received a gift from Okawaru
 64705 | Elf:3    | Identified the +3 sling of Doom {speed, *Slow rElec Int-5
                  | Dex+7}
 65613 | Crypt:1  | Entered Level 1 of the Crypt
 66017 | Crypt:1  | You fall into a shaft and drop 1 floor!
 66429 | Crypt:2  | Acquired a manual of Spellcasting
 66686 | Crypt:2  | Received a gift from Okawaru
 66687 | Crypt:2  | Reached XP level 24. HP: 254/292 MP: 35/35
 68377 | Crypt:3  | Entered Level 3 of the Crypt
 68933 | Crypt:3  | Found a staircase to the Tomb.
 69149 | Crypt:3  | Received a gift from Okawaru
 69235 | Crypt:3  | Reached skill level 10 in Spellcasting
 69638 | Crypt:3  | Noticed a royal mummy
 69649 | Crypt:3  | Killed a royal mummy
 69649 | Crypt:3  | Noticed a royal mummy
 69650 | Crypt:3  | Reached skill level 21 in Maces & Flails
 69657 | Crypt:3  | Killed a royal mummy
 69668 | Arena    | Entered the Arena
 69888 | Crypt:3  | Noticed Khufu
 69898 | Crypt:3  | Killed Khufu
 69898 | Crypt:3  | Received a gift from Okawaru
 70465 | Crypt:3  | Noticed a dread lich
 70470 | Crypt:3  | Killed a dread lich
 70508 | Crypt:3  | Got Cigotuvi's Precepts of the Tomb
 70509 | Crypt:3  | Identified the +10 great mace "Syiru" {heavy, rN+ Int+3}
 70571 | Crypt:3  | Reached skill level 15 in Translocations
 70936 | Crypt:2  | Found a basalt altar of Yredelemnul.
 71015 | Crypt:1  | Identified the +0 plate armour of the Ant {rElec rC++}
 71272 | Depths:1 | Entered Level 1 of the Depths
 71286 | Depths:1 | Noticed Saint Roka
 71717 | Arena    | Entered the Arena
 71743 | D:15     | Killed Saint Roka
 72200 | Depths:1 | Found a burning altar of Makhleb.
 72246 | Depths:1 | Found a runed translucent gate.
 72248 | Depths:1 | Found a runed translucent gate.
 72248 | Depths:1 | Noticed Virywn's ghost (adept DEHW)
 72249 | Depths:1 | Found a runed translucent gate.
 72268 | Depths:1 | Noticed Sojobo
 72269 | Depths:1 | Paralysed by an air elemental for 1 turns
 72271 | Arena    | Entered the Arena
 72278 | Arena    | Killed Sojobo
 72662 | Depths:1 | Found a shimmering blue altar of Sif Muna.
 72711 | Depths:1 | Reached XP level 25. HP: 300/301 MP: 24/40
 72799 | Depths:1 | Noticed a dread lich
 72802 | Depths:1 | Noticed a dread lich
 72809 | Depths:1 | Killed a dread lich
 72811 | Depths:1 | Killed a dread lich
 72995 | Depths:1 | Got the Secrets of Graupel and Toxicity
 72997 | Depths:1 | Got the Annotations on Inclement Geomancy
 73035 | Depths:1 | Got the Quarto of Iosis
 73122 | Depths:1 | Identified the ring "Hitiq" {rF+++ rN+ Str+3 Dex+6 Slay-2}
 73179 | Depths:1 | Found a gateway to Hell.
 73353 | Depths:1 | Learned a level 3 spell: Passwall
 73357 | Depths:1 | Learned a level 3 spell: Fugue of the Fallen
 73360 | Depths:1 | Learned a level 2 spell: Sublimation of Blood
 73364 | Depths:1 | Learned a level 3 spell: Ozocubu's Armour
 73374 | Depths:1 | Received a gift from Okawaru
 73383 | Depths:1 | Killed Virywn's ghost
 73384 | Depths:1 | Reached skill level 1 in Necromancy
 73872 | Vaults:4 | You paid a toll of 5 scrolls of fear to enter a treasure
                  | trove
 73873 | Trove    | Entered a treasure trove
 73892 | Trove    | Identified the +2 hat of Nitar {rElec Will+}
 73895 | Trove    | Identified the amulet "Wetsaur" {Spirit *Slow Fly rN++
                  | Regen+ Int+4}
 73903 | Trove    | Identified the -2 cloak "Yteyvob" {*Corrode Str+5 SInv}
 73909 | Trove    | Identified the ring "Xol Zirumix" {Str+6 Int+4}
 74608 | Depths:2 | Received a gift from Okawaru
 74786 | Depths:2 | Found a one-way gate leading to the halls of Pandemonium.
 74953 | Depths:2 | Reached skill level 15 in Spellcasting
 75004 | Depths:2 | Noticed Asterion
 75005 | Depths:2 | Noticed a juggernaut
 75009 | Depths:2 | Killed Asterion
 75011 | Depths:2 | Killed a juggernaut
 75245 | Depths:2 | Reached skill level 22 in Maces & Flails
 76072 | Depths:2 | Identified the +0 cloak "Daluor" {-Tele Harm Str+8 Stlth+}
 76100 | Depths:3 | Found Ipuebatt's Island Escapes.
 76463 | Depths:3 | Reached skill level 5 in Necromancy
 76725 | Depths:3 | Noticed a juggernaut
 76730 | Depths:3 | Noticed a juggernaut
 76737 | Arena    | Entered the Arena
 76747 | Arena    | Killed a juggernaut
 76747 | Arena    | Received a gift from Okawaru
 76780 | Depths:3 | Killed a juggernaut
 76809 | Depths:3 | Noticed a juggernaut
 76825 | Depths:3 | Killed a juggernaut
 76982 | Depths:3 | Found a one-way gate to the infinite horrors of the Abyss.
 77063 | Depths:3 | Reached XP level 26. HP: 312/312 MP: 22/44
 77238 | Depths:3 | Reached skill level 1 in Earth Magic
 77849 | Depths:3 | Found an ornate altar of the Wu Jian Council.
 78112 | Depths:4 | Entered Level 4 of the Depths
 78193 | Depths:4 | Received a gift from Okawaru
 78247 | Depths:4 | Noticed a juggernaut
 78254 | Arena    | Entered the Arena
 78259 | Arena    | Killed a juggernaut
 78522 | Depths:4 | Found a gate to the Realm of Zot.
 79132 | Depths:4 | Found a one-way gateway to a ziggurat.
 79679 | Slime:1  | Entered Level 1 of the Pits of Slime
 79685 | Slime:1  | Paralysed by a formless jellyfish for 1 turns
 79693 | Slime:1  | Reached skill level 23 in Maces & Flails
 79880 | Slime:1  | Reached skill level 5 in Earth Magic
 79984 | Slime:2  | Received a gift from Okawaru
 80394 | Slime:3  | Gained mutation: You sometimes lose your temper in combat.
                  | [a shining eye]
 80471 | Slime:3  | Lost mutation: You sometimes lose your temper in combat.
                  | [potion of mutation]
 80471 | Slime:3  | Gained mutation: You have sharp toenails. [potion of
                  | mutation]
 80471 | Slime:3  | Gained mutation: You are frail. (-10% HP) [potion of
                  | mutation]
 80471 | Slime:3  | Gained mutation: Your mind is acute. (Int +4, Str/Dex -1)
                  | [potion of mutation]
 80737 | Slime:5  | Entered Level 5 of the Pits of Slime
 80923 | Slime:5  | Lost mutation: Your mind is acute. (Int +4, Str/Dex -1) [a
                  | shining eye]
 81240 | Slime:5  | Received a gift from Okawaru
 81258 | Slime:5  | Noticed the Royal Jelly
 81292 | Arena    | Entered the Arena
 81334 | Slime:5  | Killed the Royal Jelly
 81340 | Arena    | Entered the Arena
 82121 | Slime:5  | Identified the +3 leather armour of Olejidi {rN+ Dex+3
                  | Stlth+}
 82152 | Slime:5  | Got a slimy rune of Zot
 82154 | Slime:5  | Identified the ring "Zeleut" {rF++ rC+ Str+4}
 82200 | Slime:5  | Identified the +9 glaive "Acarineslayer" {heavy, rPois
                  | SInv}
 82886 | Zot:1    | Entered Level 1 of the Realm of Zot
 82886 | Zot:1    | Noticed an orb of fire
 82889 | Zot:1    | Gained mutation: You are very frail. (-20% HP) [an orb of
                  | fire]
 82901 | Depths:4 | Killed an orb of fire
 82938 | Zot:1    | Reached XP level 27. HP: 229/249 MP: 21/44
 83594 | Orc:2    | Bought a scroll of enchant armour for 90 gold pieces
 83594 | Orc:2    | Bought a phial of floods for 480 gold pieces
 83906 | Zot:1    | Reached skill level 24 in Maces & Flails
 84462 | Zot:1    | Reached skill level 5 in Air Magic
 84734 | Zot:2    | Received a gift from Okawaru
 85580 | Zot:2    | Received a gift from Okawaru
 85717 | Zot:2    | Noticed Vv
 85723 | Zot:2    | Killed Vv
 86549 | Zot:3    | Reached skill level 25 in Maces & Flails
 86555 | Zot:3    | Received a gift from Okawaru
 88475 | Zot:4    | Lost mutation: You have sharp toenails. [potion of
                  | mutation]
 88475 | Zot:4    | Lost mutation: You are very frail. (-20% HP) [potion of
                  | mutation]
 88475 | Zot:4    | Gained mutation: You are very frail. (-20% HP) [potion of
                  | mutation]
 88475 | Zot:4    | Gained mutation: You have a pair of horns on your head.
                  | [potion of mutation]
 88475 | Zot:4    | Gained mutation: Your mind is acute. (Int +4, Str/Dex -1)
                  | [potion of mutation]
 88476 | Zot:4    | Lost mutation: You have a pair of horns on your head.
                  | [potion of mutation]
 88476 | Zot:4    | Lost mutation: Your mind is acute. (Int +4, Str/Dex -1)
                  | [potion of mutation]
 88476 | Zot:4    | Lost mutation: You are very frail. (-20% HP) [potion of
                  | mutation]
 88476 | Zot:4    | Gained mutation: You have supernaturally acute eyesight.
                  | (SInv) [potion of mutation]
 88476 | Zot:4    | Gained mutation: Your spells are a little harder to cast,
                  | but a little more powerful. [potion of mutation]
 88477 | Zot:4    | Lost mutation: You are frail. (-10% HP) [potion of
                  | mutation]
 88477 | Zot:4    | Lost mutation: You have supernaturally acute eyesight.
                  | (SInv) [potion of mutation]
 88477 | Zot:4    | Lost mutation: Your spells are a little harder to cast, but
                  | a little more powerful. [potion of mutation]
 88477 | Zot:4    | Gained mutation: You have hidden genetic defects. [potion
                  | of mutation]
 88477 | Zot:4    | Gained mutation: Your health recovers twice as slowly from
                  | being drained. [potion of mutation]
 88477 | Zot:4    | Gained mutation: Your spells are a little harder to cast,
                  | but a little more powerful. [potion of mutation]
 88477 | Zot:4    | Gained mutation: Your system is resistant to poisons.
                  | (rPois) [potion of mutation]
 88478 | Zot:4    | Lost mutation: You have hidden genetic defects. [potion of
                  | mutation]
 88478 | Zot:4    | Lost mutation: Your spells are a little harder to cast, but
                  | a little more powerful. [potion of mutation]
 88478 | Zot:4    | Gained mutation: You expend magic power (3 MP) to
                  | strengthen your wands. [potion of mutation]
 88478 | Zot:4    | Gained mutation: Your flesh is cold resistant. (rC+)
                  | [potion of mutation]
 88589 | Zot:4    | Received a gift from Okawaru
 88773 | Zot:5    | Entered Level 5 of the Realm of Zot
 88793 | Zot:5    | Noticed an orb of fire
 88945 | Zot:5    | Noticed an orb of fire
 88954 | Zot:4    | Killed an orb of fire
 88970 | Zot:5    | Killed an orb of fire
 89697 | Zot:5    | Received a gift from Okawaru
 89883 | Zot:5    | Reached skill level 26 in Maces & Flails
 91138 | Zot:5    | Noticed an ancient lich
 91146 | Zot:5    | Killed an ancient lich
 91939 | Zot:5    | Noticed an ancient lich
 91941 | Zot:5    | Killed an ancient lich
 92043 | Zot:5    | Noticed an ancient lich
 92047 | Zot:5    | Killed an ancient lich
 92170 | Zot:5    | Noticed an orb of fire
 92175 | Zot:5    | Killed an orb of fire
 92202 | Zot:5    | Noticed an ancient lich
 92206 | Zot:5    | Killed an ancient lich
 92739 | Zot:5    | Noticed an ancient lich
 92742 | Zot:5    | Killed an ancient lich
 93559 | Zot:5    | Noticed an ancient lich
 93564 | Zot:5    | Killed an ancient lich
 93739 | Zot:5    | Noticed a dread lich
 93743 | Zot:5    | Killed a dread lich
 93747 | Zot:5    | Received a gift from Okawaru
 94693 | Zot:5    | Noticed an orb of fire
 94704 | Zot:5    | Killed an orb of fire
 94705 | Zot:5    | Reached skill level 27 in Maces & Flails
 94870 | Zot:5    | Noticed a dread lich
 94872 | Zot:5    | Noticed an ancient lich
 94873 | Zot:5    | Killed a dread lich
 94875 | Zot:5    | Killed an ancient lich
 95229 | Zot:5    | Got the Orb of Zot
 95306 | Zot:1    | Noticed Dourodad the pandemonium lord
 95744 | D:$      | Escaped with the Orb!

Illustrated notes

Levels and vault maps discovered:
D:1:      onia_arrival_zoo_common, layout_basic,
          shapermc_ecumenical_altar_totnotflames, serial_shops, shop
D:2:      minmay_chambers_of_twos, layout_basic, serial_shops,
          nicolae_shop_tiny_glass, minmay_between
D:3:      layout_loops_cross, gammafunk_ghost_stat_death,
          uniq_crazy_yiuf_cottage
D:4:      kennysheep_spiral_hall, layout_rooms, hangedman_minor_gate_pass
D:5:      layout_cave_pods, minmay_temple_entry_tees, uniq_grinder, uniq_ijyb
D:6:      layout_rooms, zin_purify, serial_shops, nicolae_shop_drivethru,
          serial_bayou_lake_a, uniq_sigmund
D:7:      layout_rooms, nicolae_overflow_crystal_walls,
          mainiacjoe_overflow_paths, minmay_starry_boxes
D:8:      layout_basic, xom_confusion_cloud,
          mainiacjoe_overflow_concentric_impassable,
          mainiacjoe_overflow_tiny_flanked, uniq_pikel, uniq_maggie
D:9:      layout_small_grid, old_standard_altar, minmay_lair_entry_grove,
          special_room [special_room_bee], minmay_misc_feat_diagonals,
          minivault_23
D:10:     layout_basic, nicolae_uskayaw_suspiria, mainiacjoe_overflow_catwalk,
          david_orc_4, enter_bailey_6, minmay_fractal_squares_5, uniq_snorg
D:11:     layout_basic, st_stairs_5
D:12:     layout_basic, minivault_1, nicolae_tso_carved_into_rock, uniq_fannar,
          uniq_kirke, uniq_gastronok
D:13:     layout_cave_pools, david_vaults_1
D:14:     layout_irregular_city, kennysheep_treasure_room
D:15:     grunt_enter_depths_hoard, layout_small_grid, gauntlet_entry_generic,
          minmay_variable_closet, grunt_ministairs_3
Temple:   nicolae_temple_god_jail
Lair:1:   layout_layer_cave, enter_volcano_4
Lair:2:   layout_small_grid, basic_altar, uniq_sonja
Lair:3:   layout_cave_pods, shoals_dummy_entry, spider_nest_entry_web_field,
          grunt_megastairs_1, infiniplex_staircase_pool
Lair:4:   layout_gridlike, grunt_megastairs_4
Lair:5:   hangedman_lair_caniforms_friends, layout_small_grid, slime_entry_1
Shoals:1: cheibrodos_shoals_roost, layout_shoals,
          nicolae_shoals_lost_giant_temple
Shoals:2: layout_shoals
Shoals:3: layout_shoals, ebering_ghost_davey_jones, uniq_nikola
Shoals:4: shoals_end_grunt_ice, layout_shoals, portal_ice_cave_entry_dragon,
          nzn_prometheus_bound
Spider:1: layout_spider_delve, nicolae_spider_checkerboard
Spider:2: lemuel_spider_zombies, uniq_frances
Spider:3: layout_spider_delve
Spider:4: hellmonk_spider_rune_bug_friends
Slime:1:  layout_caves
Slime:2:  cheibrodos_slime_lost_civilization_8, layout_caves
Slime:3:  layout_caves
Slime:4:  layout_caves, nicolae_slime_getting_an_eyeful
Slime:5:  slime_pit_nicolae_royal_road_to_ruin
Orc:1:    layout_diamond_mine, uniq_josephine
Orc:2:    st_orc_congregation, layout_diamond_mine
Elf:1:    eino_elf_arrival_customs, layout_loops_corners, gammafunk_ghost_ooze,
          nicolae_elf_crossing_hall
Elf:2:    nicolae_elf_blades_crystal_corner, layout_onion_city
Elf:3:    minmay_elf_hall_not_hex, layout_geoelf_grid, basic_altar,
          minivault_14, minmay_shoptagon
Vaults:1: v_alt_pattern_4, vaults_dpeg_cross, vaults_room_door_ring,
          nicolae_vaults_mini_display_case, hangedman_vaults_hat,
          nicolae_vaults_ellipses_ellipsis, nicolae_vaults_mitosis, v_misc_8,
          nicolae_vaults_house_1, nicolae_vaults_surprise_closet, v_misc_18,
          nicolae_vaults_crenellated_ambush, grunt_vaults_focal,
          grunt_vaults_hallway_long, layout_vaults_maze
Vaults:2: portal_desolation_entry_nicolae_slug, nicolae_vaults_stepped_doors,
          grunt_vaults_funnel, v_misc_3, vaults_room_pools,
          nicolae_vaults_tetromino_L_2, vaults_mumra_hexcomb,
          nicolae_vaults_sesquioval_fish, nicolae_vaults_trapezoid_3,
          vaults_dpeg_ring, vaults_dpeg_hooks, layout_vaults_omnigrid,
          serial_glass
Vaults:3: vaults_room_grid, lemuel_angel_altar, vaults_dpeg_spiral,
          vaults_room_corners, minmay_crypt_entry_simple_corners,
          vaults_room_door_hall, nicolae_vaults_tetromino_L_2,
          ontoclasm_vaults_idyll, nicolae_vaults_yaktaur_gun_rack,
          nicolae_vaults_tangram_1, hangedman_vaults_stretched_pinwheel,
          vaults_room_grunt_arrival_ludios, layout_vaults_big_room, uniq_margery
Vaults:4: hellmonk_ghost_big_iron, hangedman_vaults_cutoff,
          nicolae_vaults_storage_closets_2, grunt_vaults_hallway_long,
          ontoclasm_vaults_pinch, ontoclasm_vaults_claustrophobia,
          nicolae_vaults_tetromino_Z_2, nicolae_vaults_network_barrier,
          v_misc_18, nicolae_vaults_gold_heap, nicolae_vaults_tetromino_L_1,
          layout_vaults_omnicross, nicolae_trove_entry_free_sample
Crypt:1:  layout_gridlike, grunt_crypt_arrival_split
Crypt:2:  layout_catacombs, st_stairs_8, lemuel_upstairs_altar
Crypt:3:  due_elkab, layout_chaotic_city, uniq_khufu
Depths:1: evilmike_library_of_no_secrets, layout_cave_shapes,
          old_standard_altar, hellmouth_1, biasface_ghost_demon_polymorph,
          kennysheep_generic_room_5, uniq_saint_roka, uniq_sojobo
Depths:2: minmay_quantized_circle, layout_cave_shapes, hell_entry,
          grunt_pan_entry_sceptre, uniq_asterion
Depths:3: minmay_textured_paths, layout_small_grid,
          nicolae_wu_jian_immortal_techniques, grunt_hell_horde, pan_entry,
          regret_index_abyss_entry_already_here, nicolae_island_escapes
Depths:4: grunt_x_marks_the_spot, layout_gridlike, enter_ziggurat_b,
          pf_hell_entry_great_geh
Zot:1:    layout_misc_corridors
Zot:2:    layout_basic, uniq_vv
Zot:3:    layout_misc_corridors, grunt_megastairs_5
Zot:4:    layout_twisted_circle
Zot:5:    layout_twisted_circle, regret_index_zotdec_zees, lemuel_lake_of_fire

Skill      XL: |  1  2  3  4  5  6  7  8  9 10 11 12 13 14 15 16 17 18 19 20 21 22 23 24 25 26 27 |
---------------+----------------------------------------------------------------------------------+-----
Fighting       | 3 4 5 6 7 9 11 13 14 16 18 20 21 22 23 24 25 26 | 26.9
Spellcasting   | 3 4 6 8 13 17 | 17.0
Translocations | 3 4 6 7 8 9 10 11 12 13 14 15 | 15.5
Maces & Flails | 3 4 6 7 8 10 11 12 13 14 15 16 17 18 19 20 21 22 23 27 | 27.0
Throwing       | 3 5 6 7 9 10 12 | 12.3
Armour         | 1 2 6 8 10 12 13 14 15 16 17 18 19 21 24 | 24.9
Air Magic      | 1 3 4 6 |  6.0
Invocations    | 3 6 7 8 |  8.0
Evocations     | 1 3 5 6 7 |  7.0
Conjurations   | 3 4 |  4.0
Necromancy     | 5 6 |  6.0
Earth Magic    | 5 |  5.0
Dodging        | |  2.1

Action                     |  1- 3 |  4- 6 |  7- 9 | 10-12 | 13-15 | 16-18 | 19-21 | 22-24 | 25-27 || total
---------------------------+-------+-------+-------+-------+-------+-------+-------+-------+-------++-------
  Melee: Mace              |    86 |   198 |   112 |       |       |       |       |       |       ||   396
         Headbutt          |    11 |    31 |    48 |   163 |   186 |   164 |   165 |   101 |   151 ||  1020
         Morningstar       |       |     3 |     5 |       |       |       |       |       |       ||     8
         Demon whip        |       |       |   219 |   573 |       |    18 |       |       |       ||   810
         Giant spiked club |       |       |       |   221 |  1184 |  1558 |  1638 |   689 |  1365 ||  6655
         Great mace        |       |       |       |       |       |       |    36 |   401 |   456 ||   893
         Kick              |       |       |       |       |       |       |       |       |    66 ||    66
  Throw: Dart              |       |     9 |     1 |    12 |     5 |       |       |       |       ||    27
         Javelin           |       |     2 |       |     3 |    21 |     5 |     1 |    21 |     7 ||    60
         Large rock        |       |       |       |     3 |    50 |    43 |    19 |    37 |    51 ||   203
   Cast: Blink             |       |     2 |     1 |       |     4 |       |       |     1 |     7 ||    15
         Manifold Assault  |       |       |    14 |    21 |    81 |   444 |   515 |   418 |   852 ||  2345
         Lesser Beckoning  |       |       |       |     2 |       |       |       |       |       ||     2
         Vhi's Electric Ch |       |       |       |       |       |     1 |       |       |     3 ||     4
         Fugue of the Fall |       |       |       |       |       |       |       |       |     1 ||     1
 Invoke: Heroism           |       |       |     1 |     1 |     4 |     4 |     4 |     1 |     5 ||    20
         Receive Weapon    |       |       |       |     1 |       |       |       |       |       ||     1
         Receive Armour    |       |       |       |     1 |       |       |       |       |       ||     1
         Finesse           |       |       |       |       |     1 |     1 |     1 |     1 |     4 ||     8
         Duel              |       |       |       |       |       |     3 |     2 |     4 |     4 ||    13
Ability: Evoke Invisibilit |       |       |       |       |       |       |       |       |     1 ||     1
  Evoke: Wand              |       |     4 |    13 |    11 |     3 |     1 |       |     1 |       ||    33
         Condenser vane    |       |       |       |       |       |     1 |       |     1 |       ||     2
    Use: Scroll            |       |       |     7 |    12 |     8 |    10 |    12 |    12 |    14 ||    75
         Potion            |       |       |       |     3 |     2 |    10 |     8 |    11 |    14 ||    48
   Stab: Invisible         |       |       |       |     1 |       |       |       |       |       ||     1
         Petrified         |       |       |       |       |     4 |       |       |       |       ||     4
         Distracted        |       |       |       |       |       |       |       |     1 |       ||     1
 Armour: Robe              |    90 |   159 |   229 |    74 |       |       |       |       |       ||   552
         Steam dragon scal |       |       |       |   330 |       |       |       |       |       ||   330
         Storm dragon scal |       |       |       |   359 |  2003 |  1887 |  1605 |   635 |   551 ||  7040
         Gold dragon scale |       |       |       |       |       |       |       |       |   432 ||   432
  Dodge: Dodged            |    60 |   136 |   118 |   310 |   459 |   414 |   330 |   165 |   296 ||  2288

Table legend: (Time is in decaauts)
 A = Elapsed time spent in this place.
 B = Non-inter-level travel time spent in this place.
 C = Inter-level travel time spent in this place.
 D = Time resting spent in this place.
 E = Time spent auto-exploring this place.
 F = Levels seen in this place.
 G = Mean time per level.
                   A        B        C        D        E       F      G
               +--------+--------+--------+--------+--------+-----+--------+
         Total |  95620 |  87370 |   8250 |  30571 |  38141 |  74 | 1292.2 |
       Dungeon |  24241 |  21145 |   3096 |   6420 |  10390 |  15 | 1616.1 |
        Temple |     20 |      2 |     18 |      0 |      0 |   1 |   20.0 |
          Lair |   7770 |   6312 |   1458 |    931 |   3678 |   5 | 1554.0 |
        Shoals |   6227 |   5930 |    297 |   1245 |   3303 |   4 | 1556.8 |
   Spider Nest |   6896 |   6536 |    360 |   2258 |   2702 |   4 | 1724.0 |
    Slime Pits |   2726 |   2625 |    101 |   1525 |    452 |   5 |  545.2 |
  Orcish Mines |   4485 |   3972 |    513 |   1863 |   1237 |   2 | 2242.5 |
   Elven Halls |   5847 |   5299 |    548 |   1172 |   3006 |   3 | 1949.0 |
        Vaults |   7487 |   6623 |    864 |   1355 |   3901 |   4 | 1871.8 |
         Crypt |   5410 |   5108 |    302 |   1539 |   2579 |   3 | 1803.3 |
        Depths |   7175 |   6750 |    425 |   1806 |   3706 |   4 | 1793.8 |
           Zot |  11587 |  11323 |    264 |   7104 |   2520 |   5 | 2317.4 |
         Trove |     48 |     48 |      0 |      0 |      0 |   1 |   48.0 |
        Bailey |   1037 |   1037 |      0 |    603 |     29 |   1 | 1037.0 |
      Ice Cave |    566 |    566 |      0 |    477 |      0 |   1 |  566.0 |
       Volcano |    840 |    840 |      0 |    520 |     93 |   1 |  840.0 |
    Desolation |   2063 |   2063 |      0 |   1246 |    375 |   1 | 2063.0 |
      Gauntlet |    906 |    906 |      0 |    460 |    170 |   1 |  906.0 |
         Arena |    280 |    280 |      0 |     42 |      0 |  13 |   21.5 |
               +--------+--------+--------+--------+--------+-----+--------+

Top non-repeatable levels by time:
   Zot:5: 6352 daAuts
   Orc:2: 3753 daAuts
     D:9: 3320 daAuts
 Crypt:3: 2592 daAuts
   Elf:3: 2534 daAuts
     D:8: 2354 daAuts
Spider:1: 2335 daAuts
Vaults:2: 2214 daAuts
Desolation: 2063 daAuts
Vaults:4: 2019 daAuts
Depths:2: 2009 daAuts
  Lair:5: 1992 daAuts
Vaults:3: 1949 daAuts
Shoals:4: 1931 daAuts
Depths:1: 1917 daAuts
